 Dungeon Sprint DCSS version 0.22.0-21-g8bd1b0a (webtiles) character file.

0 wojtek the Chopper (level 1, -1/16 (18) HPs)
             Began as a Demonspawn Fighter on Aug 19, 2018.
             Was an Initiate of Makhleb.
             Slain by a necrophage (5 damage)
             ... in the Dungeon (Sprint VI: "Thunderdome").
             The game lasted 00:00:52 (68 turns).

wojtek the Chopper (Demonspawn Fighter)               Turns: 68, Time: 00:00:52

HP:   -1/16 (18)    AC:  6    Str: 16    XL:     1   Next: 50%
MP:   1/1           EV:  6    Int:  9    God:    Makhleb [......]
Gold: 200           SH:  8    Dex: 12    Spells: 0/0 levels left

rFire    . . .     SeeInvis .   a - +0 war axe
rCold    . . .     Gourm    .   c - +0 shield
rNeg     . . .     Faith    .   b - +0 scale mail
rPois    .         Spirit   .   (no helmet)
rElec    .         Reflect  .   (no cloak)
rCorr    .         Harm     .   (no gloves)
MR       .....     NoTele   +   (no boots)
Stlth    ..........             (no amulet)
HPRegen  0.00/turn              (no ring)
MPRegen  0.07/turn              (no ring)

@: non-regenerating, diseased
A: no striking features
a: Renounce Religion


You were in the Dungeon.
You worshipped Makhleb.
Makhleb was noncommittal.
You were not hungry.

You visited 1 branch You collected 200 gold pieces.

Inventory:

Hand Weapons
 a - a +0 war axe (weapon)
Armour
 b - a +0 scale mail (worn)
 c - a +0 shield (worn)
Wands
 l - a wand of acid (5)
 m - a wand of iceblast (5)
Scrolls
 k - 4 scrolls of blinking
 n - 3 scrolls of fog
Potions
 d - a potion of might
 e - a potion of curing
 g - 4 potions of heal wounds
 h - 4 potions of haste
 i - 2 potions of magic
 j - a potion of berserk rage
 o - a potion of resistance
Comestibles
 f - a ration


   Skills:
 - Level 3.0 Fighting
 + Level 3.4 Axes
 - Level 2.6 Armour
 - Level 2.6 Shields


You couldn't memorise any spells.
You didn't know any spells.
Your spell library was empty.

Dungeon Overview and Level Annotations

Branches:
Dungeon (1/1)

Altars:
Cheibriados
Dithmenos
Fedhas
Gozag
Kikubaaqudgha
Makhleb
Okawaru
Qazlal
Ru
Sif Muna
Trog
Uskayaw
Vehumet
Wu Jian
Xom
Yredelemnul
Zin
The Shining One
Beogh
Jiyva
Lugonu

Shops:
D *[%??*?*:[((!!!!


Message History

You block the necrophage's attack.
You slash the necrophage!
The necrophage is moderately damaged.
The necrophage hits you but does no damage.
You block the necrophage's attack.
You hit the necrophage but do no damage.
The necrophage is moderately damaged.
The necrophage hits you.
You closely miss the necrophage.
The necrophage is moderately damaged.
You block the necrophage's attack. The necrophage hits you.
* * * LOW HITPOINT WARNING * * *
You feel your flesh rotting away!
Your shield prevents you from hitting the necrophage.
The necrophage is moderately damaged.
The necrophage hits you but does no damage.
You slash the necrophage!
The necrophage is severely damaged.
The necrophage hits you.
You die...

##∩.....∩# #∩.......∩
#........_ #_......._
#........_ ###.........###
#⌠...........⌠#
######.8.@n......8.######
##∩___......###......___∩##
###∩........8.# #.8........∩#
#.............###............
#⌠..........###...###.........
#⌠..........# #.<.# #.........
#⌠..........###...###.........
##.............###............
###∩........8.# #.8........∩#


You could see a necrophage.

Vanquished Creatures
  An adder skeleton (D)
  A quokka zombie (D)
2 creatures vanquished.

Notes
Turn   | Place    | Note
-------+----------+-------------------------------------------
     0 | D        | wojtek the Demonspawn Fighter began the quest for the Orb.
     0 | D        | Reached XP level 1. HP: 18/18 MP: 1/1
     1 | D        | Found an opulent altar of Gozag.
     1 | D        | Found a snail-covered altar of Cheibriados.
     2 | D        | Found a corrupted altar of Lugonu.
     3 | D        | Found a glowing silver altar of Zin.
     3 | D        | Found a radiant altar of Vehumet.
     4 | D        | Found Suxaos's Do-It-Yourself Clinic.
     4 | D        | Found a bloodstained altar of Trog.
     4 | D        | Found a sacrificial altar of Ru.
     4 | D        | Found Rirchoa's Distillery.
     5 | D        | Found Ygisiuteuz's Bottled Wisdom.
     5 | D        | Found Uryar's Distillery.
     5 | D        | Round 1.
    22 | D        | Found a deep blue altar of Sif Muna.
    23 | D        | Found a glowing golden altar of the Shining One.
    28 | D        | Found a viscous altar of Jiyva.
    29 | D        | Found a roughly hewn altar of Beogh.
    29 | D        | Found an ancient bone altar of Kikubaaqudgha.
    29 | D        | Found a basalt altar of Yredelemnul.
    29 | D        | Found Gedegugg's Weapon Rack.
    29 | D        | Found Naj Uciun's Premium Goods.
    30 | D        | Found Fiuforph's Basic Armour.
    30 | D        | Found Tyth's Miscellaneous Merchandise.
    33 | D        | Found a blossoming altar of Fedhas.
    34 | D        | Found a shimmering altar of Xom.
    35 | D        | Found an ornate altar of the Wu Jian Council.
    36 | D        | Found Piampy's Identification Station.
    37 | D        | Found Cairon's Advanced Armour.
    37 | D        | Found Velui's Jewellery.
    37 | D        | Found a shadowy altar of Dithmenos.
    37 | D        | Found a burning altar of Makhleb.
    37 | D        | Found a hide-covered altar of Uskayaw.
    37 | D        | Found Wimidgh's Delicious Food.
    45 | D        | Became a worshipper of Makhleb the Destroyer
    55 | D        | Found a stormy altar of Qazlal.
    58 | D        | Noticed a necrophage
    59 | D        | Found Muotashreu's Magic Scroll Shop.
    60 | D        | Found Ediwnos's Magic Scroll Shop.
    60 | D        | Found Cuam Kai's Must-Have Magic.
    61 | D        | Found an iron altar of Okawaru.
    61 | D        | Found Inuped's Staff Store.
    68 | D        | Slain by a necrophage

Skill      XL: |  1 |
---------------+----+-----
Axes           | 3 |  3.4
Fighting       | |  3.0
Armour         | |  2.6
Shields        | |  2.6

Action                   || total
-------------------------++-------
Melee: War axe           ||    14
Armor: Scale mail        ||     3
Dodge: Dodged            ||     2
Block: Shield            ||     8
